[Event "Schack-SM 2024: Mastarklassen"]
[Site "Fortnox Arena, Hejaregatan 5, Vaxjo, Sweden"]
[Date "2024.06.29"]
[Round "1.6"]
[White "Karlsson, Stefan 2005"]
[Black "Lindborg, Patrik"]
[Result "0-1"]
[TimeControl "90 minutes for 40 moves + 30 minutes for the rest of the game + 30 seconds per move from move one."]
[WhiteElo "2072"]
[BlackElo "2162"]

1. e4 c5 2. Nf3 e6 3. c3 d5 4. exd5 Qxd5 5. d4 Nf6 6. Na3 Nc6 7. Be3 cxd4 8. Nb5 Qd8 9. Nbxd4 Nd5 10.
Bg5 f6 11. Nxc6 bxc6 12. Bd2 Bd6 13. Qc2 Qc7 14. O-O-O O-O 15. Bd3 f5 16. g4 Bf4 17. gxf5 exf5 18. Nd4 g6 19. Bc4 Kh8 20.
Bxd5 cxd5 21. h4 h5 22. Ne2 Be5 23. Be3 Be6 24. Bd4 Kh7 25. Bxe5 Qxe5 26. Rd4 f4 27. Qd2 Bf5 28. f3 Rae8 29. Nxf4 Qf6 30. Nxd5 Qa6 31. Nb4 Qb7 32.
Rf1 Rf7 33. b3 Rfe7 34. Nd5 Qa6 35. Rc4 Re2 36. Qg5 Qa3+ 37. Kd1 Bc2# 0-1

[Event "Schack-SM 2024: Mastarklassen"]
[Site "Fortnox Arena, Hejaregatan 5, Vaxjo, Sweden"]
[Date "2024.06.29"]
[Round "1.7"]
[White "Muntean, Victor"]
[Black "Joensson, Jacob"]
[Result "0-1"]
[TimeControl "90 minutes for 40 moves + 30 minutes for the rest of the game + 30 seconds per move from move one."]
[WhiteElo "2136"]
[BlackElo "2068"]

1. e4 e5 2. Nf3 Nc6 3. Bc4 Nf6 4. Ng5 d5 5. exd5 Na5 6. Bb5+ c6 7. dxc6 bxc6 8. Bd3 Ng4 9. Ne4 f5 10.
Be2 h5 11. h3 fxe4 12. hxg4 Bc5 13. Nc3 Qd4 14. O-O O-O 15. Qe1 hxg4 16. d3 Rxf2 17. Qxf2 Qxf2+ 18. Rxf2 exd3 19. Bxd3 g3 20.
Ne4 gxf2+ 21. Kf1 Bd4 22. c3 Bb6 23. b4 Nb7 24. a4 a5 25. Bc4+ Kh8 26. Nxf2 Nd6 27. Bd3 Be6 28. Ke2 axb4 29.
Bb2 b3 30. Rh1+ Kg8 31. Rh4 Bd8 32. Rh5 e4 33. Bb1 e3 34. Re5 Bc4+ 35. Nd3 Rxa4 36. Rxe3 Bf6 37. Kd1 Bxd3 38. Bxd3 Nc4 39.
Bxc4+ Rxc4 40. Re8+ Kf7 41. Rb8 Bxc3 42. Rxb3 Bxb2 43. Rxb2 Re4 44. Rc2 Re6 45. Kd2 Ke7 46. Rc5 Rg6 47.
Ke3 Kd6 48. Rc2 Kd5 49. Kf4 c5 50. Rd2+ Kc4 51. g4 Rc6 52. g5 Kb5 53. Rb2+ Ka6 54. Ra2+ Kb7 55. Ke3 c4 56. Kd2 Kb6 57.
Kc3 Kc5 58. Ra7 g6 59. Rf7 Kd5 60. Re7 Re6 61. Rg7 Ke4 62. Rf7 Re5 63. Kxc4 Rxg5 64. Rf8 Rg1 65. Kc3 Rd1 0-1

[Event "Schack-SM 2024: Mastarklassen"]
[Site "Fortnox Arena, Hejaregatan 5, Vaxjo, Sweden"]
[Date "2024.06.29"]
[Round "1.8"]
[White "Persson, Sebastian 2007"]
[Black "Ask, Josef"]
[Result "1-0"]
[TimeControl "90 minutes for 40 moves + 30 minutes for the rest of the game + 30 seconds per move from move one."]
[BlackTitle "FM"]
[WhiteElo "2063"]
[BlackElo "2136"]

1. d4 Nf6 2. Nf3 g6 3. c4 Bg7 4. Nc3 d6 5. e4 O-O 6. Be2 e5 7. dxe5 dxe5 8. Qxd8 Rxd8 9. Bg5 Re8 10.
O-O c6 11. Rfd1 Nbd7 12. Ne1 Nc5 13. f3 Ne6 14. Be3 Nh5 15. g3 Nd4 16. Bf1 f5 17. exf5 gxf5 18. f4 Ne6 19. fxe5 Bxe5 20.
Nf3 Bc7 21. Bf2 Nf6 22. Re1 Ng4 23. Rad1 Rf8 24. h3 f4 25. gxf4 Nxf2 26. Kxf2 Nxf4 27. c5 Nxh3+ 28. Bxh3 Bxh3 29.
Re7 Bd8 30. Rg1+ Kh8 31. Rxb7 Bh4+ 32. Ke3 Rae8+ 33. Ne4 Bf5 34. Rb4 Be7 35. Rc1 Bg4 36. Ne5 Bf5 37. Rc3 Bxe4 38. Rxe4 Bf6 39.
Kd4 Rf7 40. Rce3 Rfe7 41. b4 a6 42. a4 h5 43. b5 axb5 44. axb5 cxb5 45. Kd5 Kh7 46. c6 b4 47. Nd7 Kg6 48.
Rxe7 Bxe7 49. c7 b3 50. Rxe7 Rxe7 51. c8=Q b2 52. Qg8+ Kf5 53. Qf8 Kg4 54. Nf6+ Kh4 55. Qb8 Re2 56.
Ne4 Rg2 57. Qb3 Kg4 58. Ke5 h4 59. Qd1+ Kh3 60. Qh1+ 1-0

[Event "Schack-SM 2024: Mastarklassen"]
[Site "Fortnox Arena, Hejaregatan 5, Vaxjo, Sweden"]
[Date "2024.06.29"]
[Round "1.9"]
[White "Lind, Jan-Olov"]
[Black "Neretljak, Nedzad"]
[Result "1/2-1/2"]
[TimeControl "90 minutes for 40 moves + 30 minutes for the rest of the game + 30 seconds per move from move one."]
[BlackTitle "CM"]
[WhiteElo "2135"]
[BlackElo "2048"]

1. e4 c6 2. d3 d5 3. Nd2 Nf6 4.
Ngf3 Qc7 5. g3 h5 6. Bg2 Rg8 7. e5 Ng4 8. d4 Nh6 9. Nb3 Nf5 10. Bf4 e6 11. Ng5 g6 12. Nh7 Nd7 13.
O-O Be7 14. Bg5 Qd8 15. Qd2 Rh8 16. Bxe7 Qxe7 17. Ng5 b6 18. h4 a5 19. Rfe1 Ba6 20. a3 Kf8 21. Nc1 Kg7 22. Ne2 c5 23.
c3 a4 24. Nf4 Bc4 25. Bh3 Rh6 26. Bxf5 gxf5 27. Qd1 Bb3 28. Nxh5+ Kh8 29. Qf3 Rg8 30. Nf4 Bc2 31. Qe3 Nf8 32.
Rac1 Bb3 33. dxc5 bxc5 34. Nd3 Rh5 35. Qxc5 Qb7 36. Nf4 Rh6 37. Qb4 Qd7 38. Qd4 Nh7 39. Nxh7 Rxh7 40. c4 Rg4 41.
Kg2 Qe7 42. c5 Bc4 43. Kf3 Qe8 44. Ke3 Qb5 45. Kd2 Rhg7 46. Re3 Rg8 47. Kc2 Rc8 48. Kb1 Rxc5 49. Rec3 Rc8 50. Qa7 Rb8 51.
R1c2 Rb7 52. Qa8+ Rb8 53. Qa7 Rb7 54. Qe3 Kh7 55. Qd2 Qb6 56. Nh5 Bb3 57. Nf6+ Kg7 58. Rc1 Qd4 59. Qxd4 Rxd4 60.
Rc8 Bc4 61. Rg8+ Kh6 62. Rh8+ Kg7 63. Rg8+ Kh6 64. Rh8+ 1/2-1/2

[Event "Schack-SM 2024: Mastarklassen"]
[Site "Fortnox Arena, Hejaregatan 5, Vaxjo, Sweden"]
[Date "2024.06.29"]
[Round "1.10"]
[White "Karlsson, Jorgen"]
[Black "Nygren, David"]
[Result "1/2-1/2"]
[TimeControl "90 minutes for 40 moves + 30 minutes for the rest of the game + 30 seconds per move from move one."]
[WhiteElo "2020"]
[BlackElo "2132"]

1. g3 Nf6 2. Bg2 d5 3. b3 c5 4. Bb2 e6 5. Nf3 Nc6 6. O-O Be7 7. d3 O-O 8. Nbd2 Qc7 9. e4 dxe4 10.
dxe4 Rd8 11. e5 Ne4 12. Re1 Nxd2 13. Nxd2 Qa5 14. c3 Qc7 15. c4 Qa5 16. Re2 Nb4 17. Be4 Nd3 18. Qc2 Nxb2 19.
Qxb2 f5 20. Bg2 Rb8 21. Nf3 Bd7 22. Rd2 b5 23. cxb5 Qxb5 24. Qc3 Be8 25. Bf1 Qb6 26. Rad1 Rxd2 27. Rxd2 Qb4 28. Qxb4 Rxb4 29.
Bc4 Kf7 30. Ne1 Rb7 31. Kf1 a5 32. a4 Rd7 33. Ke2 g5 34. f4 Rxd2+ 35. Kxd2 gxf4 36. gxf4 Bc6 37. Nc2 Bh4 38. Ne3 Ke7 39.
Ke2 Be4 40. Bd3 Bxd3+ 41. Kxd3 Kd7 42. Ke2 Kc6 43. Nc4 Bd8 44. Kd3 Bc7 45. Ne3 Bd8 46. Nc4 Bc7 47. Nd2 Kd5 48. Nb1 Bd8 49.
Nc3+ Kc6 50. Nb5 Be7 51. Na3 Bd8 52. Nc4 Bc7 53. Ne3 Bd8 54. Nc4 Bc7 1/2-1/2

[Event "Schack-SM 2024: Mastarklassen"]
[Site "Fortnox Arena, Hejaregatan 5, Vaxjo, Sweden"]
[Date "2024.06.29"]
[Round "1.11"]
[White "Johnson, Daniel"]
[Black "Ostensson, Julia"]
[Result "1/2-1/2"]
[TimeControl "90 minutes for 40 moves + 30 minutes for the rest of the game + 30 seconds per move from move one."]
[WhiteElo "2126"]
[BlackElo "2004"]

1. d4 Nf6 2. c4 g6 3. Nc3 Bg7
4. e4 d6 5. f3 O-O 6. Nge2 a6 7. Be3 b5 8. Qd2 Nbd7 9.
Ng3 b4 10. Na4 c5 11. dxc5 Qa5 12. Nb6 Nxb6 13. cxb6 Nd7 14. a3 Nxb6 15. Qxb4 Qxb4+ 16. axb4 Bxb2 17. Rb1 Bc3+ 18. Kf2 Na4 19.
Ne2 Bb2 20. Bd4 Rb8 21. Bxb2 Rxb4 22. Ra1 Nxb2 23. Nd4 Nxc4 24. Nc6 Rb2+ 25. Kg3 Ne3 26. Nxe7+ Kg7 27. Ra3 f5 28. exf5 gxf5 29.
Kf4 Nxf1 30. Rxf1 Rb4+ 31. Kg3 f4+ 32. Kh4 Be6 33. Rxa6 Kf6 34. Nc6 Rb2 35. Ra4 Kg6 36. Re1 Rf6 37.
Nd4 Bd7 38. Ra8 Rxg2 39. Rg8+ Kf7 40. Rxg2 Rh6+ 41. Kg5 Rg6+ 42. Kxf4 Rxg2 43. Re2 Rg6 44. Ra2 Rh6 1/2-1/2

[Event "Schack-SM 2024: Mastarklassen"]
[Site "Fortnox Arena, Hejaregatan 5, Vaxjo, Sweden"]
[Date "2024.06.29"]
[Round "1.12"]
[White "Joensson, Oscar"]
[Black "Liden, Tommy"]
[Result "0-1"]
[TimeControl "90 minutes for 40 moves + 30 minutes for the rest of the game + 30 seconds per move from move one."]
[WhiteElo "1989"]
[BlackElo "2123"]

1. e4 c5 2. c3 d5 3. exd5 Qxd5 4. d4 g6 5. Nf3 Bg7 6. Na3 cxd4 7. Bc4 Qe4+ 8. Be3 Nh6 9. Nb5 O-O 10.
cxd4 Nc6 11. Nc3 Qf5 12. O-O Ng4 13. Re1 Nxe3 14. fxe3 a6 15. Rc1 Bd7 16. Nd5 Kh8 17. Nb6 Rad8 18.
Bb3 Be8 19. Qe2 Nb4 20. Rc5 Qf6 21. Nc4 b6 22. Rc7 Nd5 23. Ra7 b5 24. Nfe5 bxc4 25. Bxc4 e6 26. Rf1 Qg5 27. Rfxf7 Bxf7 28.
Nxf7+ Rxf7 29. Rxf7 Qxe3+ 30. Qxe3 Nxe3 31. Bxe6 Bxd4 32. Kf2 Nd1+ 33. Kf3 Nxb2 34. h4 Nd3 35. Rc7 Nc5 36. Bc4 Rf8+ 37.
Kg4 Be3 38. g3 Ne4 39. Bxa6 Nf2# 0-1

[Event "Schack-SM 2024: Mastarklassen"]
[Site "Fortnox Arena, Hejaregatan 5, Vaxjo, Sweden"]
[Date "2024.06.29"]
[Round "1.13"]
[White "Collett, Peter"]
[Black "Arvidsson, Jonas"]
[Result "1-0"]
[TimeControl "90 minutes for 40 moves + 30 minutes for the rest of the game + 30 seconds per move from move one."]
[WhiteTitle "CM"]
[WhiteElo "2116"]
[BlackElo "1960"]

1. d4 Nf6 2. c4 c5 3. d5 b5 4. Qc2 bxc4 5. e4 e6 6. Bxc4 exd5 7. exd5 d6 8. Ne2 Be7 9. O-O O-O 10.
Ng3 Nbd7 11. Nc3 Nb6 12. b3 Nxc4 13. bxc4 Ng4 14. h3 Ne5 15. Nd1 Rb8 16. Bd2 Bf6 17. Rc1 Re8 18. Bc3 Ng6 19.
Nh5 Bxc3 20. Qxc3 Re5 21. Ng3 Nf4 22. Nb2 Rg5 23. Rfe1 h5 24. Re4 Rxb2 25. Qxb2 Nd3 26. Qe2 Nxc1 27.
Re8+ Kh7 28. Qc2+ Bf5 29. Nxf5 Qd7 30. Nxd6+ Rg6 31. Qxc1 Qxd6 32. Qe3 Qb6 33. Rc8 Qb1+ 34. Kh2 Qxa2 35.
Rxc5 Rf6 36. f4 Rb6 37. Qe4+ g6 38. Rc7 Rf6 39. Qe5 Rf5 40. Qe8 Rxf4 41. Rxf7+ Rxf7 42. Qxf7+ Kh6 43. Qf4+ Kg7 44.
Qd4+ Kh7 45. c5 Qb3 46. c6 1-0

[Event "Schack-SM 2024: Mastarklassen"]
[Site "Fortnox Arena, Hejaregatan 5, Vaxjo, Sweden"]
[Date "2024.06.29"]
[Round "1.14"]
[White "Granath, Jonas"]
[Black "Bjorkman, Filip"]
[Result "1/2-1/2"]
[TimeControl "90 minutes for 40 moves + 30 minutes for the rest of the game + 30 seconds per move from move one."]
[WhiteElo "1948"]
[BlackElo "2116"]

1. e4 c5 2. c3 Nf6 3. e5 Nd5 4. d4 cxd4 5. cxd4 d6 6. Nf3 Nc6 7. Bc4 Nb6 8. Bb5 dxe5 9. Nxe5 Bd7 10.
Nxd7 Qxd7 11. Nc3 e6 12. O-O Rd8 13. Be3 Be7 14. Qg4 O-O 15. Rad1 g6 16. d5 Nxd5 17. Bxa7 h5 18. Qf3 Qc7 19.
Nxd5 exd5 20. Be3 Qe5 21. a4 Rfe8 22. Bb6 Bd6 23. g3 Bc7 24. Bxc7 Qxc7 25. Rxd5 Ne5 26. Qe4 Rxd5 27. Qxd5 Rd8 28.
Qe4 Rd4 29. Qe3 Qd6 30. Be2 Qd5 31. f4 Re4 32. Bf3 Nxf3+ 33. Qxf3 h4 34. gxh4 Qd4+ 35. Rf2 Qxa4 36. h5 gxh5 37.
Qxh5 Re1+ 38. Kg2 Qe4+ 39. Qf3 Qf5 40. Qg3+ Kf8 41. Qa3+ Kg8 42. Rd2 Qxf4 43. Rd8+ Kh7 44. Qh3+ Kg6 45.
Rg8+ Kf6 46. Qh8+ Ke7 47. Re8+ Kd7 48. Rxe1 Qg4+ 49. Kf2 Qf5+ 50. Ke2 Qg4+ 51. Kd2 Qg2+ 52. Re2 Qd5+ 53. Ke3 Qg5+ 54.
Kd3 Qb5+ 55. Kd2 Qd5+ 56. Kc3 Qc5+ 57. Kd3 Qb5+ 58. Kd2 1/2-1/2

[Event "Schack-SM 2024: Mastarklassen"]
[Site "Fortnox Arena, Hejaregatan 5, Vaxjo, Sweden"]
[Date "2024.06.29"]
[Round "1.2"]
[White "Ljung, Harald"]
[Black "Landgren, Andreas"]
[Result "1-0"]
[TimeControl "90 minutes for 40 moves + 30 minutes for the rest of the game + 30 seconds per move from move one."]
[BlackTitle "FM"]
[WhiteElo "2101"]
[BlackElo "2243"]

1. d4 Nf6 2. Nf3 e6 3. c4 d5 4. e3 Be7 5. Nc3 O-O 6. Qc2 b6 7. cxd5 exd5 8. Bd3 c5 9. O-O Nc6 10.
dxc5 Nb4 11. Qe2 bxc5 12. b3 Qa5 13. Rd1 Nxd3 14. Qxd3 Ba6 15. Qd2 Qb6 16. Na4 Qe6 17. Ba3 Rac8 18.
Rac1 c4 19. Nd4 Qd7 20. Bxe7 Qxe7 21. Qa5 Qd6 22. b4 Rb8 23. b5 Bc8 24. Nc6 Rb7 25. h3 Qc7 26. Qxc7 Rxc7 27. Nc3 Be6 28.
a4 Rfc8 29. f3 Kf8 30. Nb4 Rd7 31. Rd4 Ke7 32. Rcd1 a5 33. Nc6+ Rxc6 34. bxc6 Rc7 35. Rb1 Rxc6 36. Rb5 Ra6 37.
Rb7+ Kd6 38. Rb5 Kc6 39. g4 h6 40. f4 g6 41. f5 gxf5 42. gxf5 Bxf5 43. Rf4 Ne4 44. Nxe4 Bxe4 45. Rf6+ 1-0